 Dungeon Crawl Stone Soup version 0.29.1-15-g9cfb28693d (webtiles) character file.

Game seed: 5708953942890002487

141 Calibrex the Ruffian (level 5, -6/44 (52) HPs)
             Began as a Troll Fighter on Mar 23, 2023.
             Mangled by Eustachio
             ... wielding a +4 falchion of draining
              (11 damage)
             ... on level 4 of the Dungeon.
             The game lasted 00:04:34 (1929 turns).

Calibrex the Ruffian (Troll Fighter)                Turns: 1929, Time: 00:04:35

HP:   -6/44 (52)    AC:  4    Str: 24      XL:     5   Next: 3%
MP:   4/4           EV:  8    Int:  6      God:
Gold: 70            SH:  7    Dex:  7 (9)  Spells: 4/4 levels left

rFire   . . .      SeeInvis .     - Unarmed
rCold   . . .      Faith    .   b - +0 kite shield
rNeg    . . .      Spirit   .   a - +0 robe
rPois   .          Reflect  .   (helmet restricted)
rElec   .          Harm     .   (no cloak)
rCorr   .          Rampage  .   (gloves unavailable)
Will    .....                   (boots unavailable)
Stlth   +.........              (no amulet)
HPRegen 0.94/turn               (no ring)
MPRegen 0.09/turn               (no ring)

@: brilliant, heavily drained
A: large, unfitting armour, claws 3, regeneration 1, shaggy fur 1, tough skin 1
a: no special abilities


You were on level 4 of the Dungeon.
You visited 1 branch of the dungeon, and saw 4 of its levels.

You collected 70 gold pieces.

Inventory:

Missiles
 n - 4 curare-tipped darts
 o - 2 boomerangs (quivered)
Armour
 a - a +0 robe (worn)
 b - a +0 kite shield (worn)
Jewellery
 m - a ring of willpower
Wands
 p - a wand of iceblast (3)
Scrolls
 d - 2 scrolls of poison {unknown}
 e - a scroll of butterflies {unknown}
 g - 3 scrolls of identify {unknown}
 j - a scroll of enchant weapon {unknown}
Potions
 c - a potion of might
 f - 2 potions of brilliance
 h - 2 potions of curing {unknown}
 i - a potion of heal wounds {unknown}
 k - a potion of mutation {unknown}
 l - a potion of lignification {unknown}


   Skills:
 + Level 2.8 Fighting
 - Level 2.4 Dodging
 - Level 0.3 Stealth
 + Level 3.4 Shields
 * Level 4.1 Unarmed Combat


You had 4 spell levels left.
You didn't know any spells.
Your spell library contained the following spells:

 Spells                   Type           Power      Damage    Failure   Level
 Magic Dart               Conj           0%         1d3       75%         1
 Blink                    Tloc           0%         N/A       87%         2
 Searing Ray              Conj           0%         2d4       87%         2
 Confusing Touch          Hex            0%         N/A       98%         3
 Lesser Beckoning         Tloc           0%         N/A       98%         3
 Animate Dead             Necr           0%         N/A       100%        4
 Fulminant Prism          Conj/Hex       0%         3d6       100%        4
 Manifold Assault         Tloc           0%         N/A       100%        5
 Yara's Violent Unravell  Hex/Tmut       0%         3d3       100%        5
 Enfeeble                 Hex            0%         N/A       100%        7
 Haunt                    Necr/Summ      0%         N/A       100%        7
 Infestation              Necr           0%         N/A       100%        8


Dungeon Overview and Level Annotations

Branches:
Dungeon (4/15)
 Temple: D:4-7

Altars:

Annotations:
D:4 Eustachio


Innate Abilities, Weirdness & Mutations

You are too large for most types of armour.
You have claws for hands.
Your natural rate of healing is unusually fast.
You are covered in fur. (AC +1)
You have tough skin. (AC +1)


Message History

The shadow imp shouts, "Begone, thou peeagling moldwarp tiddler!"
You claw the quokka!
You kill the quokka!
The crimson imp blinks!
The shadow imp barely misses you. The iron imp hits you.
* * * LOW HITPOINT WARNING * * *
You claw the shadow imp!
The shadow imp is almost dead.
The shadow imp hits you.
* * * LOW HITPOINT WARNING * * *
You claw the shadow imp!
You kill the shadow imp!
The shadow imp disappears in a puff of smoke!
The iron imp disappears in a puff of smoke!
Something hits you!
* * * LOW HITPOINT WARNING * * *
You feel drained.
* * * LOW HITPOINT WARNING * * *
You block something's attack.
You claw something!
You hear some strange, mumbled words.
You miss the bat. The bat hits you.
* * * LOW HITPOINT WARNING * * *
You block the bat's attack. The bat barely misses you.
The bat hits you but does no damage.
You hear some strange, mumbled words.
The bat barely misses you.
You claw the bat!
You kill the bat!
The bat's corpse disappears in a puff of smoke!
Something hits you!
* * * LOW HITPOINT WARNING * * *
You feel drained.
* * * LOW HITPOINT WARNING * * *
It was a potion of brilliance.
You feel clever all of a sudden.
Eustachio appears from thin air!
Reactivating autopickup.
Eustachio hits you with a +4 falchion of draining!
You die...

#.....# ###..........
#..<..# #......?.....
#.)...###.#..........
#....)...............
###.###..............
#.. #.............#
###.#............##
#.#...r@....####
##......@....#
........ยง....#
..#.#....?....#
.#....####.#### #....
#.# .... ..# .## ..#
...# #..#


You could see Eustachio and a river rat (summoned).

Vanquished Creatures
  An orc wizard (D:3)
  4 gnolls (D:3)
  2 adders
  An ufetubus (D:4)
  A dart slug (D:2)
  3 orcs (D:3)
  4 ball pythons
  2 endoplasms
  3 giant cockroaches
  3 goblins
  2 hobgoblins
  3 jackals (D:3)
  2 quokkas
  7 bats
  2 frilled lizards
  4 kobolds
  8 rats
52 creatures vanquished.

Vanquished Creatures (others)
  2 plants (D:2)
2 creatures vanquished.

Grand Total: 54 creatures vanquished

Notes
Turn   | Place    | Note
-------+----------+-------------------------------------------
     0 | D:1      | Calibrex the Troll Fighter began the quest for the Orb.
     0 | D:1      | Reached XP level 1. HP: 22/22 MP: 0/0
   135 | D:1      | Reached XP level 2. HP: 29/29 MP: 1/1
   973 | D:2      | Reached XP level 3. HP: 36/36 MP: 2/2
  1427 | D:3      | Reached skill level 3 in Unarmed Combat
  1440 | D:3      | Reached XP level 4. HP: 35/44 MP: 3/3
  1574 | D:3      | Reached skill level 4 in Unarmed Combat
  1880 | D:4      | Reached XP level 5. HP: 50/52 MP: 4/4
  1887 | D:4      | Noticed Eustachio
  1929 | D:4      | Mangled by Eustachio

Illustrated notes

Levels and vault maps discovered:
D:1:      minmay_arrival_nine_rooms, layout_basic, minmay_ruptured
D:2:      layout_loops_cross, serial_bayou_lagoon_a, kennysheep_generic_room_4
D:3:      layout_loops_ring
D:4:      layout_rooms, temple_fountains, uniq_eustachio, uniq_blork_the_orc,
          uniq_duvessa, uniq_menkaure

Skill      XL: |  1  2  3  4 |
---------------+-------------+-----
Shields        | 3 |  3.4
Unarmed Combat | 3 4 |  4.1
Fighting       | |  2.8
Dodging        | |  2.4
Stealth        | |  0.3

Action                   |  1- 3 |  4- 6 || total
-------------------------+-------+-------++-------
Melee: Unarmed           |   101 |    50 ||   151
Throw: Boomerang         |       |     5 ||     5
  Use: Potion            |       |     1 ||     1
 Stab: Sleeping          |     1 |       ||     1
Armor: Robe              |    42 |    24 ||    66
Dodge: Dodged            |    28 |    29 ||    57
Block: Kite shield       |    47 |    31 ||    78
